[Event "WYCC 2018 G14"]
[Site "Halkidiki"]
[Date "2018.10.30"]
[Round "11"]
[White "Woods, Charisse"]
[Black "Maciulaityte, Barbora"]
[Result "0-1"]
[ECO "B73"]
[WhiteElo "1511"]
[BlackElo "1715"]
[Annotator "NA"]
[PlyCount "60"]
[EventDate "2018.10.20"]
[EventType "swiss"]
[EventCountry "GRE"]
[SourceTitle "playchess.com"]
[Source "ChessBase"]
[SourceQuality "1"]
[TimeControl "40/5400+30:1800+30"]

1. e4 c5 2. Nf3 d6 3. d4 cxd4 4. Nxd4 Nf6 5. Nc3 g6 6. Be3 Bg7 7. Be2 O-O 8. O-O Nc6 9. Qd2 Bd7 10. f4 a6 11. Bf3 Na5 12. b3 Rc8 13. h3 Nc6 14. f5 Ne5 15. Nde2 Nxf3+ 16. Rxf3 Nxe4 17. Nxe4 Bxa1 18. fxg6 fxg6 19. c3 Rxf3 20. gxf3 Qa5 21. Bh6 Qe5 22. b4 Bc6 23. Bf4 Qd5 24. Nd4 Qc4 25. Nxc6 Rxc6 26. Bh6 Bxc3 27. Nxc3 Qxc3 28. Qd5+ Kh8 29. Qf7 Qe1+ 30. Kg2 Rc2+ 0-1